 Dungeon Crawl Stone Soup version 0.20-a0-700-gbd4582c (webtiles) character file.

72 graki42 the Firebug (level 4, -2/24 HPs)
             Began as a Deep Elf Fire Elementalist on Feb 20, 2017.
             Killed by divine providence
             ... invoked by an orc priest
              (10 damage)
             ... on level 3 of the Dungeon.
             The game lasted 00:05:17 (1972 turns).

graki42 the Firebug (Deep Elf Fire Elementalist)    Turns: 1972, Time: 00:05:17

Health: -2/24      AC:  2    Str:  6    XL:     4   Next: 7%
Magic:  9/11       EV: 13    Int: 20    God:
Gold:   103        SH:  0    Dex: 15    Spells: 3/10 levels left

rFire    . . .     SeeInvis .   (no weapon)
rCold    . . .     Gourm    .   a - +0 robe
rNeg     . . .     Faith    .   (no shield)
rPois    .         Spirit   .   (no helmet)
rElec    .         Reflect  .   (no cloak)
rCorr    .         Harm     .   (no gloves)
MR       .....                  (no boots)
Stlth    ++........             (no amulet)
Regen    0.1/turn               (no ring)
MPRegen  0.2/turn               i - +5 ring of slaying

@: no status effects
A: no striking features
a: no special abilities


You were on level 3 of the Dungeon.
You were not hungry.

You visited 1 branch of the dungeon, and saw 3 of its levels.

You collected 103 gold pieces.

Inventory:

Armour
 a - a +0 robe (worn)
Jewellery
 i - a +5 ring of slaying (left hand)
Scrolls
 e - a scroll of amnesia {unknown}
 h - a scroll of blinking {unknown}
 j - 3 scrolls of identify {unknown}
 k - 3 scrolls of magic mapping {unknown}
 l - a scroll of immolation {unknown}
 m - a scroll of remove curse {unknown}
 o - a scroll of fear {unknown}
Potions
 d - a potion of mutation {unknown}
 f - 2 potions of curing
 g - a potion of agility {unknown}
 n - a potion of heal wounds {unknown}
Books
 b - a book of Flames

   Spells                             Type                      Level
   a - Flame Tongue                   Conjuration/Fire             1
   b - Throw Flame                    Conjuration/Fire             2
   c - Conjure Flame                  Conjuration/Fire             3
   d - Inner Flame                    Hexes/Fire                   3
   e - Sticky Flame                   Conjuration/Fire             4
   f - Fireball                       Conjuration/Fire             5
Comestibles
 c - a bread ration


   Skills:
 + Level 2.9 Dodging
 + Level 2.7 Stealth
 + Level 3.7 Spellcasting
 + Level 2.3 Conjurations
 + Level 4.1 Fire Magic


You had 3 spell levels left.
You knew the following spells:

 Your Spells              Type           Power        Failure   Level  Hunger
a - Flame Tongue          Conj/Fire      ###..        3%          1    None
b - Conjure Flame         Conj/Fire      ###.....     12%         3    ###....
c - Inner Flame           Hex/Fire       ##......     17%         3    ###....


Dungeon Overview and Level Annotations

Branches:
Dungeon (3/15)

Altars:
Cheibriados
Ru

Annotations:
D:3 Sigmund


Message History

The flame tongue hits the orc priest.
The orc priest appears unharmed.
The orc shouts! x2
An orc priest comes into view. It is wielding a dagger.
Casting: Flame Tongue
Confirm with . or Enter, or press ? or * to list all spells.
Aiming: Flame Tongue
Press: ? - help, Shift-Dir - straight line, f/p - orc priest
Aim: an orc priest, wearing a leather armour The flame tongue hits the orc priest.
The orc priest is lightly wounded.
The orc priest shouts!
The orc priest invokes the aid of Beogh against you.
Beogh smites you!
Ouch! That really hurt!
* * * LOW HITPOINT WARNING * * *
The orc wizard shouts!
The orc priest looks encouraged for a moment.
The orc priest calls down the wrath of Beogh upon you.
Beogh smites you!
You die...

#.##.# #.# ##.#######
#.##.# #.# .........
#.##.# #.#.#
......... #.##.#
#.#.# .........
#.##.# #.#.#
#........ #. #.#
#(#.# #......!. #.#
#.#.# #........
#.#†###....oo..
#.#####.#..@..oo...o.
#....................
#######.#####........
.........# #.....###
########## #.....#
#.....# #.....+
......#


You could see an orc priest, an orc wizard and 2 orcs.

Vanquished Creatures
  3 adders
  A worm (D:2)
  2 dart slugs (D:2)
  A leopard gecko (D:3)
  An orc (D:3)
  2 giant cockroaches (D:2)
  A goblin (D:2)
  9 hobgoblins
  4 kobolds
  2 quokkas (D:2)
  2 bats
  4 frilled lizards
  5 rats
37 creatures vanquished.

Notes
Turn   | Place    | Note
-------+----------+-------------------------------------------
     0 | D:1      | graki42 the Deep Elf Fire Elementalist began the quest for the Orb.
     0 | D:1      | Reached XP level 1. HP: 10/10 MP: 6/6
   370 | D:1      | Reached XP level 2. HP: 15/15 MP: 5/8
   719 | D:2      | Found a snail-covered altar of Cheibriados.
   850 | D:2      | Reached XP level 3. HP: 17/19 MP: 5/9
   856 | D:2      | Learned a level 3 spell: Conjure Flame
   860 | D:2      | Learned a level 3 spell: Inner Flame
  1056 | D:2      | Reached skill level 4 in Fire Magic
  1292 | D:2      | Found a sacrificial altar of Ru.
  1488 | D:3      | Noticed Sigmund
  1778 | D:3      | Reached XP level 4. HP: 4/24 MP: 2/11
  1972 | D:3      | Killed from afar by an orc priest

Vault maps used:
D:1:      dpeg_arrival_ternary
D:2:      cheibriados_altar_1, nicolae_ru_sacrificial_ziggurat
D:3:      uniq_sigmund

Skill      XL: |  1  2  3 |
---------------+----------+-----
Conjurations   | 2 |  2.3
Fire Magic     | 4 |  4.1
Dodging        | |  2.9
Stealth        | |  2.7
Spellcasting   | |  3.7

Action                   |  1- 3 |  4- 6 || total
-------------------------+-------+-------++-------
 Cast: Flame Tongue      |    57 |     8 ||    65
       Conjure Flame     |     3 |       ||     3
  Use: Potion            |       |     1 ||     1
  Eat: Chunk             |     1 |       ||     1
       Bread ration      |       |     1 ||     1
Dodge: Dodged            |    10 |     2 ||    12
